 Dungeon Crawl Stone Soup version 0.29.1-1-gd02db6906a (webtiles) character file.

Game seed: 17652075106198710153

42 inmateoo the Ruffian (level 3, -4/28 HPs)
             Began as a Demonspawn Gladiator on Sept 22, 2022.
             Slain by an orc
             ... wielding a +0 trident
              (5 damage)
             ... on level 2 of the Dungeon.
             The game lasted 00:01:07 (1189 turns).

inmateoo the Ruffian (Demonspawn Gladiator)         Turns: 1189, Time: 00:01:08

Health: -4/28      AC:  7    Str: 16    XL:     3   Next: 35%
Magic:  3/3        EV: 11    Int:  9    God:
Gold:   37         SH:  0    Dex: 14    Spells: 2/2 levels left

rFire   . . .      SeeInvis .     - Unarmed
rCold   . . .      Faith    .   (no shield)
rNeg    . . .      Spirit   .   j - +0 ring mail
rPois   .          Reflect  .   b - +0 helmet
rElec   .          Harm     .   (no cloak)
rCorr   .          Rampage  .   i - +0 pair of gloves
Will    .....                   (no boots)
Stlth   +.........              (no amulet)
HPRegen 0.09/turn               (no ring)
MPRegen 0.08/turn               (no ring)

@: no status effects
A: spiny 1
a: no special abilities


You were on level 2 of the Dungeon.
You visited 1 branch of the dungeon, and saw 2 of its levels.

You collected 37 gold pieces.

Inventory:

Missiles
 c - 3 throwing nets (quivered)
 d - a javelin
Armour
 b - a +0 helmet (worn)
 i - a +0 pair of gloves (worn)
 j - a +0 ring mail (worn)
Scrolls
 e - a scroll of teleportation
Potions
 h - 3 potions of curing


   Skills:
 + Level 2.4 Fighting
 - Level 1.7 Throwing
 + Level 1.0 Armour
 + Level 3.0 Dodging
 * Level 3.2 Unarmed Combat


You had 2 spell levels left.
You didn't know any spells.
Your spell library contained the following spells:

 Spells                   Type           Power      Damage    Failure   Level
 Confusing Touch          Hex            0%         N/A       93%         3
 Yara's Violent Unravell  Hex/Tmut       0%         3d3       100%        5
 Enfeeble                 Hex            0%         N/A       100%        7


Dungeon Overview and Level Annotations

Branches:
Dungeon (2/15)

Altars:


Innate Abilities, Weirdness & Mutations

You are partially covered in sharp spines.


Message History

The orc shouts!
The orc hits you with a +0 dagger.
You barely miss the orc. You closely miss the orc. The orc barely misses you.
You hit the orc.
The orc is heavily wounded.
You hit the orc but do no damage.
The orc is heavily wounded.
You hit the orc.
The orc is almost dead.
The orc is struck by your spines.
You kill the orc!
You closely miss the orc wizard. You hit the orc.
The orc is almost dead.
The orc wizard casts a spell.
The orc wizard flickers and vanishes!
Deactivating autopickup; reactivate with Ctrl-A.
The orc hits you with a +0 dagger.
You hit the orc.
You kill the orc!
Something hits you.
You hit the orc but do no damage. The orc barely misses you.
Something hits you but does no damage. The orc hits you but does no damage.
You closely miss the orc. The orc hits you but does no damage.
Something hits you.
The orc hits you from afar with a +0 trident!
You are too injured to fight recklessly!
You miss something. The orc is struck by your spines.
The orc closely misses you. Something hits you. The orc closely misses you.
You are too injured to fight recklessly!
You miss something. The orc hits you with a +0 club.
Something hits you but does no damage. The orc hits you but does no damage.
You closely miss something. The orc misses you.
You hear some strange, mumbled words.
A puff of flame appears from out of thin air!
The puff of flame hits you!
* * * LOW HITPOINT WARNING * * *
The orc hits you from afar with a +0 trident.
You die...

....# ....# .... ...
.. o# #
####o#.##......#
#.##..@{#.........#
#.......##........#
####...###........#
#...# #........#
#...# #........#
#####...###........#
...........>.......#
...#....###.########
## #.#### #.#


You could see 2 orcs.

Vanquished Creatures
  A gnoll (D:1)
  2 dart slugs (D:1)
  2 orcs (D:2)
  4 endoplasms (D:1)
  2 giant cockroaches
  3 goblins (D:1)
  2 ball pythons (D:1)
  A bat (D:1)
  A frilled lizard (D:1)
  A kobold (D:1)
  10 rats (D:1)
29 creatures vanquished.

Notes
Turn   | Place    | Note
-------+----------+-------------------------------------------
     0 | D:1      | inmateoo the Demonspawn Gladiator began the quest for the
                  | Orb.
     0 | D:1      | Reached XP level 1. HP: 16/16 MP: 1/1
   240 | D:1      | Gained mutation: You are partially covered in sharp spines.
                  | [demonic ancestry]
   240 | D:1      | Reached XP level 2. HP: 17/22 MP: 2/2
   705 | D:1      | Reached XP level 3. HP: 26/28 MP: 3/3
   884 | D:1      | Reached skill level 1 in Armour
  1189 | D:2      | HP: 1/28 [something/puff of flame (8)]
  1189 | D:2      | Slain by an orc

Illustrated notes

Levels and vault maps discovered:
D:1:      minmay_arrival_wavy_path, layout_basic, chequers_mini_garden,
          minmay_rat_gold_closets
D:2:      layout_basic

Skill      XL: |  1  2  3 |
---------------+----------+-----
Unarmed Combat | 3 |  3.2
Armour         | 1 |  1.0
Dodging        | 3 |  3.0
Fighting       | |  2.4
Throwing       | |  1.7

Action                   || total
-------------------------++-------
Melee: Unarmed           ||    80
       Punch             ||     3
  Use: Scroll            ||     5
 Stab: Sleeping          ||     2
Armor: Leather armour    ||    11
       Ring mail         ||     6
Dodge: Dodged            ||    35
